 Dungeon Crawl Stone Soup version 0.27-a0-401-gea03ee85fd (webtiles) character file.

Game seed: 16468655475233682743

65 rednaxela the Vexing (level 3, 0/24 HPs)
             Began as a Spriggan Enchanter on Feb 22, 2021.
             Killed by nerve-wracking pain
             ... invoked by Jessica
              (5 damage)
             ... on level 2 of the Dungeon.
             The game lasted 00:10:47 (2379 turns).

rednaxela the Vexing (Spriggan Enchanter)           Turns: 2379, Time: 00:10:48

Health: 0/24       AC:  3    Str:  5    XL:     3   Next: 92%
Magic:  2/9        EV: 17    Int: 16    God:
Gold:   68         SH:  0    Dex: 15    Spells: 1/10 levels left

rFire    . . .     SeeInvis +   a - +1 dagger
rCold    . . .     Faith    .   (shield restricted)
rNeg     . . .     Spirit   .   b - +1 robe
rPois    .         Reflect  .   (helmet restricted)
rElec    .         Harm     .   (no cloak)
rCorr    .         Rampage  .   (gloves unavailable)
Will     .....                  (boots unavailable)
Stlth    ..........             (no amulet)
HPRegen  0.08/turn              (no ring)
MPRegen  0.11/turn              (no ring)

@: berserking, very quick
A: very small, unfitting armour, see invisible, speed 3
a: no special abilities


You were on level 2 of the Dungeon.
You visited 1 branch of the dungeon, and saw 2 of its levels.

You collected 68 gold pieces.

Inventory:

Hand Weapons
 a - a +1 dagger (weapon)
Missiles
 f - 12 poisoned darts (quivered)
Armour
 b - a +1 robe (worn)
Scrolls
 e - a scroll of magic mapping {@r5 !r}
 i - a scroll of identify {@r1}
Potions
 d - a potion of flight
 g - a potion of lignification {unknown}
 h - a potion of brilliance {unknown}
 j - a potion of curing {@q1 !q}


   Skills:
 - Level 1.1 Short Blades
 - Level 2.6 Dodging
 - Level 4.4 Stealth
 + Level 4.2 Spellcasting
 + Level 4.9 Hexes


You had one spell level left.
You knew the following spells:

 Your Spells              Type           Power        Failure   Level
a - Corona                Hex            21%          2%          1
b - Ensorcelled Hibernat  Hex/Ice        22%          9%          2
c - Confusing Touch       Hex            19%          7%          3
d - Tukima's Dance        Hex            19%          7%          3

Your spell library contained the following spells:

 Spells                   Type           Power        Failure   Level
 Dazzling Flash           Conj/Hex       22%          19%         3


Dungeon Overview and Level Annotations

Branches:
Dungeon (2/15)

Altars:

Annotations:
D:2 Jessica


Innate Abilities, Weirdness & Mutations

You are very small and have problems with some larger weapons.
You are too small for most types of armour.
You have supernaturally acute eyesight. (SInv)
You cover ground extremely quickly.


Message History

The leopard gecko bites you.
Jessica gestures wildly.
You closely miss the leopard gecko.
The leopard gecko is almost dead.
You kill the leopard gecko!
The hobgoblin closely misses you.
Casting: Corona (safe; 2% risk of failure)
Confirm with . or Enter, or press ? or * to list all spells.
Aiming: Ensorcelled Hibernation (safe; 9% risk of failure)
Press: ? - help, Shift-Dir - straight line, f - hobgoblin
Aim: a hobgoblin (chance to affect: 60%)
The hobgoblin resists with significant effort.
The hobgoblin misses you.
Casting: Ensorcelled Hibernation (safe; 9% risk of failure)
Confirm with . or Enter, or press ? or * to list all spells.
The spell is extremely dangerous to cast (7% risk of failure)!
Continue anyway?
Okay, then.
You hit the hobgoblin but do no damage. The hobgoblin misses you.
You hit the hobgoblin.
The hobgoblin is moderately wounded.
Jessica gestures wildly while chanting.
Jessica blinks!
You hit the hobgoblin but do no damage.
The hobgoblin is moderately wounded.
The hobgoblin closely misses you.
You barely miss the hobgoblin.
The hobgoblin is moderately wounded.
The hobgoblin hits you but does no damage.
Something unseen opens the large door.
You see here 9 stones.
Jessica casts a spell.
Jessica blinks!
Casting: Confusing Touch (extremely dangerous; 7% risk of failure)
Confirm with . or Enter, or press ? or * to list all spells.
Aiming: Ensorcelled Hibernation (safe; 9% risk of failure)
Press: ? - help, Shift-Dir - straight line, f - Jessica, p - hobgoblin
Aim: Jessica, wearing a +0 robe (chance to affect: 50%)
You miscast Ensorcelled Hibernation.
You are very lightly contaminated with residual magic.
Nothing appears to happen.
Casting: Ensorcelled Hibernation (safe; 9% risk of failure)
Confirm with . or Enter, or press ? or * to list all spells.
Aiming: Ensorcelled Hibernation (safe; 9% risk of failure)
Press: ? - help, Shift-Dir - straight line, f/p - Jessica
Aim: Jessica, wearing a +0 robe (chance to affect: 50%) Jessica resists with some effort.
Jessica points at you and mumbles some strange words.
Pain shoots through your body!
* * * LOW HITPOINT WARNING * * *
The hobgoblin closely misses you.
Casting: Ensorcelled Hibernation (safe; 9% risk of failure)
Confirm with . or Enter, or press ? or * to list all spells.
Aiming: Ensorcelled Hibernation (safe; 9% risk of failure)
Press: ? - help, Shift-Dir - straight line, f/p - Jessica
Aim: Jessica, wearing a +0 robe (chance to affect: 50%) Jessica resists with some effort.
Jessica barely misses you. The hobgoblin closely misses you.
Casting: Ensorcelled Hibernation (safe; 9% risk of failure)
Confirm with . or Enter, or press ? or * to list all spells.
Aiming: Ensorcelled Hibernation (safe; 9% risk of failure)
Press: ? - help, Shift-Dir - straight line, f/p - Jessica
Aim: Jessica, wearing a +0 robe (chance to affect: 50%)
Okay, then.
Casting: Ensorcelled Hibernation (safe; 9% risk of failure)
Confirm with . or Enter, or press ? or * to list all spells.
You don't have enough magic to cast this spell.
You barely miss Jessica. Jessica closely misses you. The hobgoblin misses you.
You barely miss Jessica. Jessica misses you. The hobgoblin misses you.
You hit Jessica.
Jessica is heavily wounded.
Jessica hits you.
* * * LOW HITPOINT WARNING * * *
The hobgoblin misses you.
Casting: Ensorcelled Hibernation (safe; 9% risk of failure)
Confirm with . or Enter, or press ? or * to list all spells.
You don't have enough magic to cast this spell.
You hit Jessica.
Jessica is severely wounded.
Jessica hits you.
* * * LOW HITPOINT WARNING * * *
The hobgoblin closely misses you.
Okay, then.
Casting: Ensorcelled Hibernation (safe; 9% risk of failure)
Confirm with . or Enter, or press ? or * to list all spells.
Aiming: Ensorcelled Hibernation (safe; 9% risk of failure)
Press: ? - help, Shift-Dir - straight line, f/p - Jessica
Aim: Jessica, wearing a +0 robe (severely wounded, chance to affect: 50%)
Okay, then.
Casting: Ensorcelled Hibernation (safe; 9% risk of failure)
Confirm with . or Enter, or press ? or * to list all spells.
You don't have enough magic to cast this spell.
A red film seems to cover your vision as you go berserk!
You feel yourself moving faster!
You feel mighty! Jessica closely misses you. The hobgoblin closely misses you.
Your magical contamination has completely faded away.
You completely miss Jessica.
Jessica is severely wounded.
Jessica casts a spell at you. Pain shoots through your body!
You die...

#####...###...÷.....#
........#.#.........###
..[##.....#..#...#....#######
...####...#..#.###...........
...# #........###...........
#### #...##..........†......
###.##..#####..........
........##.@...........
####.#..##@##..........
#......†.#g##..........
...###..#..g.'.......... #
#..#...#'§.........
##>..........#####
#####.......# #.......#
#.......# #.....(^#


You could see Jessica and 2 hobgoblins.

Vanquished Creatures
  An adder (D:1)
  A worm (D:2)
  A dart slug (D:1)
  4 leopard geckos
  A ball python (D:1)
  6 bats
  2 giant cockroaches (D:2)
  3 goblins (D:1)
  5 hobgoblins
  4 jackals (D:1)
  5 kobolds
  A quokka (D:2)
  4 frilled lizards
  5 rats (D:1)
43 creatures vanquished.

Notes
Turn   | Place    | Note
-------+----------+-------------------------------------------
     0 | D:1      | rednaxela the Spriggan Enchanter began the quest for the
                  | Orb.
     0 | D:1      | Reached XP level 1. HP: 9/9 MP: 5/5
   317 | D:1      | Reached skill level 3 in Spellcasting
   505 | D:1      | Reached skill level 4 in Hexes
   552 | D:1      | Reached XP level 2. HP: 13/13 MP: 7/7
  1262 | D:1      | Reached XP level 3. HP: 16/16 MP: 9/9
  1573 | D:1      | Learned a level 2 spell: Ensorcelled Hibernation
  1577 | D:1      | Learned a level 3 spell: Confusing Touch
  1581 | D:1      | Learned a level 3 spell: Tukima's Dance
  1988 | D:1      | Reached skill level 4 in Spellcasting
  2356 | D:2      | Noticed Jessica
  2379 | D:2      | Killed from afar by Jessica

Illustrated notes

Levels and vault maps discovered:
D:1:      amcnicky_arrival_gap_in_the_tavern_cellar, layout_basic
D:2:      layout_basic, uniq_jessica

Skill      XL: |  1  2  3 |
---------------+----------+-----
Spellcasting   | 3 4 |  4.2
Hexes          | 4 |  4.9
Short Blades   | |  1.1
Dodging        | |  2.6
Stealth        | |  4.4

Action                   || total
-------------------------++-------
Melee: Dagger            ||   147
Throw: Dart              ||     5
 Cast: Corona            ||    18
       Ensorcelled Hiber ||    22
  Use: Scroll            ||     5
       Potion            ||     3
 Stab: Sleeping          ||    20
Armor: Robe              ||    21
Dodge: Dodged            ||   130

Table legend: (Time is in decaauts)
 A = Elapsed time spent in this place.
 B = Non-inter-level travel time spent in this place.
 C = Inter-level travel time spent in this place.
 D = Time resting spent in this place.
 E = Time spent auto-exploring this place.
 F = Levels seen in this place.
 G = Mean time per level.
                   A        B        C        D        E       F      G
               +--------+--------+--------+--------+--------+-----+--------+
         Total |   1912 |   1896 |     16 |    511 |    874 |   2 |  956.0 |
       Dungeon |   1912 |   1896 |     16 |    511 |    874 |   2 |  956.0 |
               +--------+--------+--------+--------+--------+-----+--------+

Top non-repeatable levels by time:
     D:1: 1320 daAuts
     D:2: 591 daAuts
